 Dungeon Crawl Stone Soup version 0.28.0 (webtiles) character file.

Game seed: 2714782916162307117

1662 benadryl the Geomancer (level 9, -1/55 HPs)
             Began as a Gargoyle Earth Elementalist on Feb 10, 2022.
             Was a Follower of Sif Muna.
             Slain by an orc warrior (7 damage)
             ... in a bailey.
             The game lasted 00:22:01 (7540 turns).

benadryl the Geomancer (GrEE)                       Turns: 7540, Time: 00:22:02

Health: -1/55      AC: 11    Str: 11    XL:     9   Next: 0%
Magic:  1/17       EV: 11    Int: 21    God:    Sif Muna [*.....]
Gold:   328        SH:  0    Dex: 10    Spells: 13/18 levels left

rFire   . . .      SeeInvis .   a - +3 dagger (elec)
rCold   . . .      Faith    .   (no shield)
rNeg    + + .      Spirit   .   u - +2 robe {rN+}
rPois   ∞          Reflect  .   (no helmet)
rElec   +          Harm     .   (no cloak)
rCorr   .          Rampage  .   (no gloves)
Will    .....                   h - +0 pair of boots
Stlth   ++........              (no amulet)
HPRegen 0.18/turn               (no ring)
MPRegen 0.15/turn               (no ring)

@: no status effects
A: sickness immunity, AC +6, negative energy resistance 1, electricity
resistance, torment resistance 1, petrification resistance
a: Renounce Religion, Channel Magic


You were in a bailey.
You worshipped Sif Muna.
Sif Muna was aware of your devotion.
You visited 2 branches of the dungeon, and saw 9 of its levels.
You also visited: Bailey.

You collected 328 gold pieces.

Inventory:

Hand Weapons
 a - a +3 dagger of electrocution (weapon)
 b - a +0 hunting sling
Missiles
 c - 102 stones
 e - 60 sling bullets
 q - 20 arrows
Armour
 h - a +0 pair of boots (worn)
 u - a +2 robe of positive energy (worn)
Wands
 o - a wand of charming (12)
Scrolls
 d - 2 scrolls of amnesia
 k - a scroll of fear
 m - 2 scrolls of fog
 s - a scroll of teleportation
Potions
 f - 2 potions of flight
 g - a potion of resistance {unknown}
 i - 2 potions of heal wounds
 j - a potion of brilliance {unknown}
 l - a potion of ambrosia {unknown}
 n - a potion of magic {unknown}
 p - a potion of might {unknown}
 r - a potion of attraction {unknown}
 t - a potion of berserk rage {unknown}
 w - a potion of haste {unknown}


   Skills:
 + Level 5.8 Fighting
 - Level 1.5 Dodging
 + Level 4.5 Stealth
 + Level 5.4 Spellcasting
 - Level 1.4 Hexes
 - Level 0.7 Transmutations
 - Level 3.0 Ice Magic
 * Level 8.0 Earth Magic


You had 13 spell levels left.
You knew the following spells:

 Your Spells              Type           Power      Damage    Failure   Level
a - Sandblast             Erth           78%        2d17      1%          1
b - Passwall              Tmut/Erth      20%        N/A       2%          2
c - Ensorcelled Hibernat  Hex/Ice        30%        N/A       6%          2

Your spell library contained the following spells:

 Spells                   Type           Power      Damage    Failure   Level
 Stone Arrow              Conj/Erth      44%        3d9       6%          3
 Corpse Rot               Necr/Air       10%        N/A       16%         2
 Poisonous Vapours        Pois/Air       10%        N/A       16%         2
 Petrify                  Tmut/Erth      24%        N/A       17%         4
 Swiftness                Air            5%         N/A       30%         3


Dungeon Overview and Level Annotations

Branches:
Dungeon (8/15)             Temple (1/1) D:4            Lair (0/6) D:8
 Bailey (1/1)

Altars:
Ashenzari
Cheibriados
Dithmenos
Elyvilon
Fedhas
Gozag
Hepliaklqana
Kikubaaqudgha
Makhleb
Nemelex Xobeh
Okawaru
Qazlal
Ru
Sif Muna
Trog
Vehumet
Wu Jian
Xom
Yredelemnul
Zin
The Shining One

Shops:
D:4 *   D:5 **(!

Annotations:
D:6 3 runed translucent doors, browni3141's ghost, amateur MiBe


Innate Abilities, Weirdness & Mutations

You are immune to sickness and miasma.
Your stone body is resilient. (AC +6)
You are immune to poison.
You resist negative energy. (rN+)
You are resistant to electric shocks. (rElec)
You are resistant to unholy torment.
You are immune to petrification.


Message History

The orc warrior is severely wounded.
The orc warrior barely misses you.
Casting: Ensorcelled Hibernation (safe; 6% risk of failure)
Confirm with . or Enter, or press ? or * to list all spells.
Aiming: Sandblast (safe; 1% risk of failure)
Press: ? - help, Shift-Dir - straight line, f/p - orc warrior
Aim: an orc warrior, wielding a +0 trident and wearing a +0 plate armour (severely wounded, 82% to hit)
The blast of sand hits the orc warrior.
The orc warrior is severely wounded.
The orc warrior barely misses you.
Casting: Sandblast (safe; 1% risk of failure)
Confirm with . or Enter, or press ? or * to list all spells.
Aiming: Sandblast (safe; 1% risk of failure)
Press: ? - help, Shift-Dir - straight line, f/p - orc warrior
Aim: an orc warrior, wielding a +0 trident and wearing a +0 plate armour (severely wounded, 82% to hit)
The blast of sand hits the orc warrior but does no damage.
The orc warrior is severely wounded.
The orc warrior closely misses you.
You hit the orc warrior but do no damage.
The orc warrior is severely wounded.
The orc warrior hits you but does no damage.
Your magical contamination has completely faded away.
You hit the orc warrior but do no damage.
The orc warrior is severely wounded.
The orc warrior misses you.
You hit the orc warrior.
The orc warrior is severely wounded.
The orc warrior hits you with a +0 trident!
You barely miss the orc warrior.
The orc warrior is severely wounded.
The orc warrior barely misses you.
You hit the orc warrior but do no damage.
The orc warrior is severely wounded.
The orc warrior hits you with a +0 trident!
You hit the orc warrior but do no damage.
The orc warrior is severely wounded.
The orc warrior hits you with a +0 trident!
* * * LOW HITPOINT WARNING * * *
The orc warrior hits you from afar with a +0 trident!
You die...

♣♣......♣♣
♣........♣
#♣..∩..∩..♣#
#..........#
##..........##
#............#
............♣.#
..♣.♣.......♣♣.##
≈........@.......
≈....#....#.....
≈≈≈≈#..o.#≈≈≈≈.
≈≈≈ #....#≈≈≈≈≈
≈≈ #....# ≈≈≈≈
#...(# ≈≈≈ #...(#
...(.. .......


You could see an orc warrior.

Vanquished Creatures
  Pikel (D:6)
  A sky beast (D:6)
  An ice beast (D:6)
  A necrophage (D:5)
  2 black bears
  An ogre (D:3)
  4 lemures (D:6)
  A phantom (D:5)
  A kobold brigand (D:8)
  A bullfrog (D:6)
  A scorpion (D:6)
  A centaur zombie (D:5)
  An orc priest (D:6)
  A bullfrog skeleton (D:6)
  2 orc wizards
  2 iguanas (D:5)
  A gnoll (D:1)
  8 adders
  A white imp (D:5)
  An ufetubus (D:7)
  An adder skeleton (D:2)
  2 dart slugs (D:2)
  20 orcs
  6 bats
  6 endoplasms
  6 giant cockroaches
  11 goblins
  4 hobgoblins
  6 jackals
  4 quokkas
  4 ball pythons
  3 frilled lizards
  10 kobolds
  4 rats
120 creatures vanquished.

Vanquished Creatures (others)
  13 fungi (D:7)
13 creatures vanquished.

Grand Total: 133 creatures vanquished

Notes
Turn   | Place    | Note
-------+----------+-------------------------------------------
     0 | D:1      | benadryl the Gargoyle Earth Elementalist began the quest
                  | for the Orb.
     0 | D:1      | Reached XP level 1. HP: 10/10 MP: 3/3
   111 | D:1      | Found a faded altar of an unknown god.
   334 | D:1      | Reached skill level 1 in Fighting
   334 | D:1      | Reached skill level 4 in Earth Magic
   334 | D:1      | Reached XP level 2. HP: 13/16 MP: 0/5
   954 | D:2      | Learned a level 2 spell: Passwall
   961 | D:2      | Reached XP level 3. HP: 20/20 MP: 4/6
  1823 | D:3      | Reached XP level 4. HP: 24/26 MP: 4/8
  2069 | D:3      | Noticed an ogre
  2074 | D:3      | Killed an ogre
  2075 | D:3      | Reached skill level 5 in Earth Magic
  2075 | D:3      | Reached XP level 5. HP: 32/32 MP: 6/9
  2162 | D:3      | Found an ancient bone altar of Kikubaaqudgha.
  2374 | D:3      | Found a shimmering altar of Xom.
  2954 | D:4      | Found a staircase to the Ecumenical Temple.
  2963 | Temple   | Entered the Ecumenical Temple
  3137 | Temple   | Became a worshipper of Sif Muna the Loreminder
  3415 | D:4      | Noticed a black bear
  3420 | D:4      | Killed a black bear
  3421 | D:4      | Reached XP level 6. HP: 27/38 MP: 5/11
  3567 | D:4      | Found Zin's Purification Station.
  3573 | D:4      | Found a glowing silver altar of Zin.
  3672 | D:4      | Learned a level 2 spell: Ensorcelled Hibernation
  3982 | D:5      | Entered Level 5 of the Dungeon
  3982 | D:5      | Found Oryir's Book Shop.
  4097 | D:5      | Reached skill level 1 in Ice Magic
  4183 | D:5      | Found Jeogusizyi's Distillery.
  4640 | D:5      | Found Esmaedod's Assorted Antiques.
  4702 | D:5      | Reached XP level 7. HP: 43/43 MP: 8/13
  4738 | D:5      | Found Jobrihiy's General Store.
  4768 | D:5      | Reached skill level 1 in Hexes
  5076 | D:5      | Found Leolos's Weapon Emporium.
  5381 | D:6      | Reached skill level 6 in Earth Magic
  5381 | D:6      | Reached XP level 8. HP: 48/48 MP: 7/14
  5560 | D:6      | Found a runed translucent gate.
  5560 | D:6      | Found a runed translucent gate.
  5560 | D:6      | Found a runed translucent gate.
  5561 | D:6      | Noticed browni3141's ghost (amateur MiBe)
  5931 | D:6      | Reached skill level 5 in Fighting
  6417 | D:6      | Noticed Pikel
  6432 | D:6      | Killed Pikel
  6433 | D:6      | Reached skill level 5 in Spellcasting
  6433 | D:6      | Reached skill level 7 in Earth Magic
  6861 | D:7      | Noticed a cyclops
  7395 | D:8      | Reached * piety under Sif Muna
  7400 | D:8      | Reached skill level 8 in Earth Magic
  7443 | D:8      | Reached XP level 9. HP: 49/55 MP: 10/17
  7462 | D:8      | Found a staircase to the Lair.
  7466 | D:8      | Found a flagged portal.
  7471 | Bailey   | Entered a bailey
  7540 | Bailey   | Slain by an orc warrior

Illustrated notes

Levels and vault maps discovered:
D:1:      lightli_arrival_statue_moat, layout_loops_ring,
          dreamdust_ecumenical_altar_hidden_monk_grotto,
          minmay_misc_feat_nine_boxes
D:2:      layout_basic
D:3:      layout_basic, kiku_gazebo_pond_becter, mainiacjoe_overflow_alcove_1,
          st_stairs_3, nrook_campfire, hex_tiny
D:4:      layout_basic, zin_purify, minmay_temple_entry_waves
D:5:      layout_basic, serial_shops,
          nicolae_shop_temple_entry_statues_fountains, shop,
          nicolae_stop_n_shop_2, kennysheep_little_box, shop_statue
D:6:      layout_basic, gammafunk_ghost_nasty_kobolds,
          kennysheep_generic_room_8, uniq_pikel
D:7:      layout_loops_corners, mainiacjoe_overflow_cross_hatched
D:8:      layout_basic, lair_entry_dummy, enter_bailey_3, uniq_psyche
Temple:   dpeg_five_rooms_temple
Bailey:   bailey_polearm_elven_captive_hellmonk, bailey

Skill      XL: |  1  2  3  4  5  6  7  8 |
---------------+-------------------------+-----
Fighting       | 1 2 3 4 5 |  5.8
Earth Magic    | 4 5 6 8 |  8.0
Spellcasting   | 3 4 5 |  5.4
Ice Magic      | 2 3 |  3.0
Hexes          | 1 |  1.4
Stealth        | 4 |  4.5
Dodging        | |  1.5
Transmutations | |  0.7

Action                   |  1- 3 |  4- 6 |  7- 9 || total
-------------------------+-------+-------+-------++-------
Melee: Dagger            |       |    16 |    40 ||    56
 Fire: Hunting sling     |    42 |    84 |    74 ||   200
 Cast: Sandblast         |    24 |    39 |    83 ||   146
       Ensorcelled Hiber |       |     3 |    10 ||    13
  Use: Scroll            |       |     7 |     4 ||    11
 Stab: Sleeping          |       |     1 |     3 ||     4
Armor: Robe              |     6 |    17 |    51 ||    74
Dodge: Dodged            |     6 |    23 |    60 ||    89
